 Dungeon Crawl Stone Soup version 0.21-a0-349-g0c35859 (webtiles) character file.

731 tidbits the Skirmisher (level 7, -2/60 HPs)
             Began as a Gnoll Chaos Knight on Oct 8, 2017.
             Was an Initiate of Cheibriados.
             Killed by nerve-wracking pain
             ... invoked by a shadow imp
              (6 damage)
             ... on level 6 of the Dungeon.
             The game lasted 00:13:06 (1640 turns).

tidbits the Skirmisher (Gnoll Chaos Knight)         Turns: 1640, Time: 00:13:08

Health: -2/60      AC:  5    Str: 15    XL:     7   Next: 73%
Magic:  10/10      EV: 19    Int: 19    God:    Cheibriados [......]
Gold:   117        SH:  0    Dex: 23    Spells: 11/11 levels left

rFire    + . .     SeeInvis .     - Unarmed
rCold    + + .     Gourm    .   (no shield)
rNeg     . . .     Faith    .   a - +2 leather armour
rPois    +         Spirit   .   (no helmet)
rElec    +         Reflect  .   (no cloak)
rCorr    +         Harm     .   q - +0 pair of gloves
MR       .....     Rnd*Tele +   (no boots)
Stlth    ++++......             (no amulet)
HPRegen  0.20/turn              n - ring of teleportation (curse)
MPRegen  0.12/turn              x - ring of protection from cold

@: agile, resistant, drained, very slow
A: distributed training, fangs 1, thin skeletal structure 1, clever 1, deformed
body, strong nose
a: Bend Time, Renounce Religion


You were on level 6 of the Dungeon.
You worshipped Cheibriados.
Cheibriados was noncommittal.
You were not hungry.

You visited 2 branches of the dungeon, and saw 7 of its levels.

You collected 202 gold pieces.
You spent 85 gold pieces at shops.

Inventory:

Hand Weapons
 c - a +0 scythe
 g - a +0 long sword
 o - a +0 flail
 p - a +0 war axe
 t - a +1 hand crossbow of velocity
   (You found it on level 3 of the Dungeon)
 y - a +0 war axe
Missiles
 h - 132 stones (quivered)
Armour
 a - a +2 leather armour (worn)
 j - a +0 ring mail
 q - a +0 pair of gloves (worn)
Jewellery
 n - a cursed ring of teleportation (left hand)
   (You found it on level 1 of the Dungeon)
 x - a ring of protection from cold (right hand)
   (You found it on level 4 of the Dungeon)
Scrolls
 e - a scroll of enchant weapon {unknown}
 i - a scroll of noise {unknown}
 k - 3 scrolls of teleportation
 l - 2 scrolls of identify {unknown}
 m - 3 scrolls of amnesia {unknown}
 r - a scroll of magic mapping {unknown}
 v - a scroll of fog {unknown}
Potions
 f - a potion of curing
Comestibles
 b - 4 bread rations
 d - a chunk of flesh
 u - 3 meat rations


   Skills:
 + Level 7.1(6.5) Fighting
 + Level 2.6(2.1) Short Blades
 + Level 2.6(2.1) Long Blades
 + Level 2.6(2.1) Axes
 + Level 2.6(2.1) Maces & Flails
 + Level 2.6(2.1) Polearms
 + Level 2.6(2.1) Staves
 + Level 2.6(2.1) Slings
 + Level 2.6(2.1) Bows
 + Level 2.6(2.1) Crossbows
 + Level 2.6(2.1) Throwing
 + Level 5.3(4.8) Armour
 + Level 3.7(3.2) Dodging
 + Level 2.6(2.1) Stealth
 + Level 2.6(2.1) Shields
 + Level 7.1(6.5) Unarmed Combat
 + Level 2.6(2.1) Spellcasting
 + Level 2.6(2.1) Conjurations
 + Level 2.6(2.1) Hexes
 + Level 2.6(2.1) Charms
 + Level 2.6(2.1) Summonings
 + Level 2.6(2.1) Necromancy
 + Level 2.6(2.1) Translocations
 + Level 2.6(2.1) Transmutations
 + Level 2.6(2.1) Fire Magic
 + Level 2.6(2.1) Ice Magic
 + Level 2.6(2.1) Air Magic
 + Level 2.6(2.1) Earth Magic
 + Level 2.6(2.1) Poison Magic
 + Level 2.6(2.1) Invocations
 + Level 2.6(2.1) Evocations


You had 11 spell levels left.
You didn't know any spells.

Dungeon Overview and Level Annotations

Branches:
Dungeon (6/15)             Temple (1/1) D:4

Altars:
Ashenzari
Cheibriados
Dithmenos
Fedhas
Nemelex Xobeh
Okawaru
Qazlal
Vehumet
Xom
Yredelemnul
The Shining One

Shops:
D:4 (   D:5 [


Innate Abilities, Weirdness & Mutations

Your experience applies equally to all skills.
You have very sharp teeth.
Your uncanny sense of smell can sniff out nearby items.
You have a somewhat thin skeletal structure. (Dex +2, Stealth)
Your mind is acute. (Int +2)
Armour fits poorly on your strangely shaped body.


Message History

There is an open door here.
Some of the chunks of flesh in your inventory have rotted away.
You open the door.
There is an open door here.
There is an open door here.
There is an open door here.
A shadow imp and a zombie come into view.
The shadow imp shouts, "Away with thee, thou pecksniffian ill-nurtured surfacer!"
A bullfrog comes into view.
There is an open door here.
An adder comes into view.
The bullfrog croaks.
The shadow imp gestures at you. Pain shoots through your body!
The centaur zombie hits you but does no damage.
Found 22 stones.
The adder hisses angrily.
The centaur zombie closely misses you. The centaur zombie barely misses you.
The centaur zombie closely misses you. The bullfrog barely misses you.
The shadow imp gestures at you. Pain shoots through your body!
The centaur zombie barely misses you. The bullfrog closely misses you.
There is an open door here.
The bullfrog closely misses you. The bullfrog hits you!
* * * LOW HITPOINT WARNING * * *
The bullfrog hits you!
* * * LOW HITPOINT WARNING * * *
The bullfrog hits you but does no damage.
The bullfrog hits you.
* * * LOW HITPOINT WARNING * * *
It was a potion of agility.
You feel agile all of a sudden. The bullfrog misses you.
The shadow imp puffs mist at you.
You closely miss the bullfrog. You punch the bullfrog. You bite the bullfrog.
The bullfrog is moderately wounded.
The bullfrog completely misses you. The bullfrog hits you!
* * * LOW HITPOINT WARNING * * *
You punch the bullfrog! Your punch misses the bullfrog.
The bullfrog is severely wounded.
The bullfrog hits you but does no damage.
You hit the bullfrog.
The bullfrog is severely wounded.
The bullfrog misses you.
You punch the bullfrog!
You kill the bullfrog!
Cheibriados appreciates the change of pace.
The adder barely misses you.
It was a potion of resistance.
You feel protected. The adder closely misses you.
You hit the adder.
The adder is moderately wounded.
The adder bites you but does no damage.
You hit the adder. You bite the adder, but do no damage.
The adder is heavily wounded.
The adder closely misses you.
You hit the adder.
You kill the adder!
Cheibriados appreciates the change of pace.
The shadow imp grinds its teeth.
You punch the centaur zombie! You bite the centaur zombie.
The centaur zombie is moderately damaged.
The centaur zombie barely misses you.
You punch the centaur zombie! You bite the centaur zombie.
The centaur zombie is severely damaged.
The centaur zombie misses you. The centaur zombie closely misses you.
You punch the centaur zombie! You bite the centaur zombie.
The centaur zombie is almost destroyed.
The centaur zombie closely misses you.
You hit the centaur zombie but do no damage.
The centaur zombie is almost destroyed.
The centaur zombie hits you.
* * * LOW HITPOINT WARNING * * *
You hit the centaur zombie.
The centaur zombie is almost destroyed.
The centaur zombie misses you.
You hit the centaur zombie.
You destroy the centaur zombie!
Cheibriados appreciates the change of pace.
You closely miss the shadow imp.
You bite the shadow imp, but do no damage.
The shadow imp closely misses you.
You hit the shadow imp. Your punch misses the shadow imp.
The shadow imp is moderately wounded.
The shadow imp hits you.
* * * LOW HITPOINT WARNING * * *
You closely miss the shadow imp.
The shadow imp is moderately wounded.
The shadow imp hits you.
* * * LOW HITPOINT WARNING * * *
It was a potion of mutation.
You feel extremely strange.
You feel clever.
Your body twists and deforms.
Your bones become slightly less dense.
The shadow imp gestures at you. Pain shoots through your body!
You die...

#.....#'#####...#
#.....#....'....#
#.....#....##..##
#....#'######'##..#
.'....#..##....##...#
.#....#........#....#
...
#....#........#....#
...
#....#..##5##.######
##.. #....#..##@##.#
#....#....#.....#...
....#....#.....#....
....'....#.....#....
#######....#'##..#
.#.#
..............####
..............#
..............#
..............#


You could see a shadow imp.

Vanquished Creatures
  Sigmund (D:4)
  An orc warrior (D:5)
  An ogre (D:4)
  2 bullfrogs (D:6)
  A centaur zombie (D:6)
  3 worker ants
  A worker ant zombie (D:3)
  6 adders
  An ooze (D:1)
  An adder zombie (D:5)
  A worm (D:1)
  2 dart slugs (D:3)
  11 orcs
  A ball python (D:3)
  8 bats
  4 giant cockroaches
  5 goblins
  2 hobgoblins
  6 jackals
  3 kobolds
  5 frilled lizards
  A jackal zombie (D:5)
  6 rats
73 creatures vanquished.

Notes
Turn   | Place    | Note
-------+----------+-------------------------------------------
     0 | D:1      | tidbits the Gnoll Chaos Knight began the quest for the Orb.
     0 | D:1      | Reached XP level 1. HP: 23/23 MP: 1/1
    56 | D:1      | Reached XP level 2. HP: 27/29 MP: 2/2
   219 | D:2      | XOM: harmless Air miscast
   243 | D:2      | Reached XP level 3. HP: 26/35 MP: 3/3
   291 | D:2      | Found a glowing golden altar of the Shining One.
   291 | D:2      | Found a shadowy altar of Dithmenos.
   417 | D:3      | XOM: divination: magic mapping
   444 | D:3      | Reached skill level 1 in Short Blades
   444 | D:3      | Reached skill level 1 in Long Blades
   444 | D:3      | Reached skill level 1 in Axes
   444 | D:3      | Reached skill level 1 in Maces & Flails
   444 | D:3      | Reached skill level 1 in Polearms
   444 | D:3      | Reached skill level 1 in Staves
   444 | D:3      | Reached skill level 1 in Slings
   444 | D:3      | Reached skill level 1 in Bows
   444 | D:3      | Reached skill level 1 in Crossbows
   444 | D:3      | Reached skill level 1 in Throwing
   444 | D:3      | Reached skill level 1 in Stealth
   444 | D:3      | Reached skill level 1 in Shields
   444 | D:3      | Reached skill level 1 in Spellcasting
   444 | D:3      | Reached skill level 1 in Conjurations
   444 | D:3      | Reached skill level 1 in Hexes
   444 | D:3      | Reached skill level 1 in Charms
   444 | D:3      | Reached skill level 1 in Summonings
   444 | D:3      | Reached skill level 1 in Necromancy
   444 | D:3      | Reached skill level 1 in Translocations
   444 | D:3      | Reached skill level 1 in Transmutations
   444 | D:3      | Reached skill level 1 in Fire Magic
   444 | D:3      | Reached skill level 1 in Ice Magic
   444 | D:3      | Reached skill level 1 in Air Magic
   444 | D:3      | Reached skill level 1 in Earth Magic
   444 | D:3      | Reached skill level 1 in Poison Magic
   444 | D:3      | Reached skill level 1 in Invocations
   444 | D:3      | Reached skill level 1 in Evocations
   505 | D:2      | Reached XP level 4. HP: 27/41 MP: 5/5
   555 | D:3      | Found a stormy altar of Qazlal.
   759 | D:3      | XOM: potion effect (curing)
   804 | D:3      | Reached XP level 5. HP: 20/47 MP: 5/7
   872 | D:4      | Noticed Sigmund
   887 | D:4      | Killed Sigmund
   887 | D:4      | Reached skill level 5 in Armour
   887 | D:4      | Reached skill level 3 in Dodging
   887 | D:4      | Reached XP level 6. HP: 53/53 MP: 8/8
   930 | D:4      | Found a staircase to the Ecumenical Temple.
   937 | Temple   | Entered the Ecumenical Temple
   970 | D:4      | Reached skill level 2 in Short Blades
   970 | D:4      | Reached skill level 2 in Long Blades
   970 | D:4      | Reached skill level 2 in Axes
   970 | D:4      | Reached skill level 2 in Maces & Flails
   970 | D:4      | Reached skill level 2 in Polearms
   970 | D:4      | Reached skill level 2 in Staves
   970 | D:4      | Reached skill level 2 in Slings
   970 | D:4      | Reached skill level 2 in Bows
   970 | D:4      | Reached skill level 2 in Crossbows
   970 | D:4      | Reached skill level 2 in Throwing
   970 | D:4      | Reached skill level 2 in Stealth
   970 | D:4      | Reached skill level 2 in Shields
   970 | D:4      | Reached skill level 2 in Spellcasting
   970 | D:4      | Reached skill level 2 in Conjurations
   970 | D:4      | Reached skill level 2 in Hexes
   970 | D:4      | Reached skill level 2 in Charms
   970 | D:4      | Reached skill level 2 in Summonings
   970 | D:4      | Reached skill level 2 in Necromancy
   970 | D:4      | Reached skill level 2 in Translocations
   970 | D:4      | Reached skill level 2 in Transmutations
   970 | D:4      | Reached skill level 2 in Fire Magic
   970 | D:4      | Reached skill level 2 in Ice Magic
   970 | D:4      | Reached skill level 2 in Air Magic
   970 | D:4      | Reached skill level 2 in Earth Magic
   970 | D:4      | Reached skill level 2 in Poison Magic
   970 | D:4      | Reached skill level 2 in Invocations
   970 | D:4      | Reached skill level 2 in Evocations
   981 | D:4      | Found a radiant altar of Vehumet.
   982 | D:4      | XOM: noise
  1003 | D:4      | XOM: confuse monster(s)
  1008 | D:4      | Reached XP level 7. HP: 59/59 MP: 10/10
  1061 | Temple   | Fell from the grace of Xom
  1061 | Temple   | Became a worshipper of Cheibriados the Contemplative
  1165 | D:4      | Found Yla Tieri's Antique Weapon Emporium.
  1235 | D:5      | Entered Level 5 of the Dungeon
  1270 | D:5      | Found Wezaluan's Antique Armour Shop.
  1273 | D:5      | Bought a pair of gloves for 85 gold pieces
  1317 | D:6      | XOM: noise
  1362 | D:5      | Reached skill level 7 in Fighting
  1362 | D:5      | Reached skill level 7 in Unarmed Combat
  1380 | D:5      | Found a basalt altar of Yredelemnul.
  1410 | D:5      | XOM: medium Necr miscast
  1638 | D:6      | HP: 5/60 [shadow imp (3)]
  1640 | D:6      | Gained mutation: Your mind is acute. (Int +2) [potion of mutation]
  1640 | D:6      | Gained mutation: Armour fits poorly on your strangely shaped body. [potion of mutation]
  1640 | D:6      | Gained mutation: You have a somewhat thin skeletal structure. (Dex +2, Stealth) [potion of mutation]
  1640 | D:6      | Killed from afar by a shadow imp

Vault maps used:
D:1:      lightli_arrival_quake, minmay_circled_x
D:2:      gammafunk_temple_overflow_pools
D:3:      nicolae_qazlal_general_emergency, first_bread
D:4:      nicolae_overflow_crystal_walls, temple_doors_e, serial_shops, shop,
          uniq_sigmund
D:5:      serial_shops, nicolae_shop_behind_doors,
          minmay_misc_feat_more_columns, yredelemnul_altar_generic, uniq_ijyb
D:6:      gammafunk_temple_overflow_wave, kennysheep_little_box, uniq_grinder
Temple:   dshaligram_water_room_temple

Skill      XL: |  1  2  3  4  5  6  7 |
---------------+----------------------+-----
Short Blades   | 1 2 |  2.6
Long Blades    | 1 2 |  2.6
Axes           | 1 2 |  2.6
Maces & Flails | 1 2 |  2.6
Polearms       | 1 2 |  2.6
Staves         | 1 2 |  2.6
Slings         | 1 2 |  2.6
Bows           | 1 2 |  2.6
Crossbows      | 1 2 |  2.6
Throwing       | 1 2 |  2.6
Stealth        | 1 2 |  2.6
Shields        | 1 2 |  2.6
Spellcasting   | 1 2 |  2.6
Conjurations   | 1 2 |  2.6
Hexes          | 1 2 |  2.6
Charms         | 1 2 |  2.6
Summonings     | 1 2 |  2.6
Necromancy     | 1 2 |  2.6
Translocations | 1 2 |  2.6
Transmutations | 1 2 |  2.6
Fire Magic     | 1 2 |  2.6
Ice Magic      | 1 2 |  2.6
Air Magic      | 1 2 |  2.6
Earth Magic    | 1 2 |  2.6
Poison Magic   | 1 2 |  2.6
Invocations    | 1 2 |  2.6
Evocations     | 1 2 |  2.6
Armour         | 5 |  5.3
Dodging        | 3 |  3.7
Fighting       | 7 |  7.1
Unarmed Combat | 7 |  7.1

Action                   |  1- 3 |  4- 6 |  7- 9 || total
-------------------------+-------+-------+-------++-------
Melee: Unarmed           |    82 |   104 |    64 ||   250
       Bite              |     7 |    14 |    10 ||    31
       Punch             |     3 |     7 |     3 ||    13
Throw: Throwing net      |       |     2 |       ||     2
  Use: Scroll            |       |     1 |     1 ||     2
       Potion            |       |     4 |     4 ||     8
 Stab: Sleeping          |     1 |       |       ||     1
       Held in net/web   |       |     1 |       ||     1
  Eat: Chunk             |       |     1 |       ||     1
       Royal jelly       |       |       |     1 ||     1
Armor: Leather armour    |    18 |    18 |    11 ||    47
       Skin              |       |     1 |       ||     1
Dodge: Dodged            |    49 |    67 |    36 ||   152

Table legend:
 A = Spawn XP
 B = Non-spawn XP
 C = Spawn XP percentage of total XP
 D = Spawn monster count
 E = Non-spawn monster count
 F = Spawn count percentage of total count
 G = Total turns spent on level
                    A         B        C        D         E        F      G
               +---------+---------+-------+---------+---------+-------+---------
         Total |       0 |    1045 |   0.0 |       0 |      73 |   0.0 |  1640
               +---------+---------+-------+---------+---------+-------+---------
           D:1 |       0 |      28 |   0.0 |       0 |      11 |   0.0 |   204
           D:2 |       0 |      34 |   0.0 |       0 |      15 |   0.0 |   230
           D:3 |       0 |     136 |   0.0 |       0 |      31 |   0.0 |   428
           D:4 |       0 |     453 |   0.0 |       0 |       6 |   0.0 |   340
           D:5 |       0 |     153 |   0.0 |       0 |       4 |   0.0 |   238
           D:6 |       0 |     241 |   0.0 |       0 |       6 |   0.0 |   161
               +---------+---------+-------+---------+---------+-------+---------

Table legend:
 A = Turns spent in this place as a percentage of turns spent in the entire game.
 B = Non-inter-level travel turns spent in this place as a percentage of non-inter-level travel turns spent in the entire game.
 C = Inter-level travel turns spent in this place as a percentage of turns spent in this place.
 D = Turns resting spent in this place as a percentage of non-inter-level travel turns spent in this place.
 E = Turns spent auto-exploring this place as a percentage of non-inter-level travel turns spent in this place.
 F = Non-inter-level travel turns spent in this place divided by the number of levels of this place that you've seen.
                   A       B       C       D       E      F
               +-------+-------+-------+-------+-------+----------------------
         Total | 100.0 | 100.0 |   2.1 |   0.7 |   0.0 | 229.3
       Dungeon |  97.6 |  97.6 |   2.2 |   0.8 |   0.0 | 261.0
        Temple |   2.4 |   2.4 |   0.0 |   0.0 |   0.0 |  39.0
               +-------+-------+-------+-------+-------+----------------------

Table legend:
 A = Kills in this place as a percentage of kills in entire the game.
 B = Kills by you in this place as a percentage of kills by you in the entire game.
 C = Kills by friends in this place as a percentage of kills by friends in the entire game.
 D = Other kills in this place as a percentage of other kills in the entire game.
 E = Experience gained in this place as a percentage of experience gained in the entire game.
 F = Experience gained in this place divided by the number of levels of this place that you have seen.
                   A       B       C       D       E      F
               +-------+-------+-------+-------+-------+----------------------
         Total | 100.0 | 100.0 |   N/A |   N/A | 100.0 | 149.3
       Dungeon | 100.0 | 100.0 |   N/A |   N/A | 100.0 | 174.2
               +-------+-------+-------+-------+-------+----------------------

Vault maps used:
D:1:      lightli_arrival_quake, minmay_circled_x
D:2:      gammafunk_temple_overflow_pools
D:3:      nicolae_qazlal_general_emergency, first_bread
D:4:      nicolae_overflow_crystal_walls, temple_doors_e, serial_shops, shop,
          uniq_sigmund
D:5:      serial_shops, nicolae_shop_behind_doors,
          minmay_misc_feat_more_columns, yredelemnul_altar_generic, uniq_ijyb
D:6:      gammafunk_temple_overflow_wave, kennysheep_little_box, uniq_grinder
Temple:   dshaligram_water_room_temple
